 Dungeon Crawl Stone Soup version 0.13-a0-3016-gcb2faac (webtiles) character file.

1050 Malachi the Covered (level 8, 0/48 HPs)
             Began as a Gargoyle Fighter on Sept 14, 2013.
             Was a Follower of Okawaru.
             Slain by a hill giant
             ... wielding a +0,+0 giant spiked club
              (24 damage)
             ... on Level 5 of the Dungeon.
             The game lasted 00:09:32 (4545 turns).

Malachi the Covered (Gargoyle Fighter)              Turns: 4545, Time: 00:09:32

HP   0/48        AC 16     Str 23      XL: 8   Next:  0%
MP   7/7         EV  7     Int  8      God: Okawaru [*.....]
Gold 210         SH 21     Dex  9      Spells:  0 memorised,  7 levels left

Res.Fire  : . . .   See Invis. : .   t - +2 mace (holy)
Res.Cold  : . . .   Warding    : .   b - +0 scale mail
Life Prot.: + . .   Conserve   : .   c - +0 shield
Res.Poison: +       Res.Corr.  : .   (no helmet)
Res.Elec. : +       Clarity    : .   z - +0 dwarf cloak
Sust.Abil.: . .     Spirit.Shd : .   f - +1 pair of gloves
Res.Mut.  : .       Stasis     : .   (no boots)
Res.Rott. : +       Flight     : .   (no amulet)
Saprovore : . . .                    (no ring)
                                     D - ring of sustenance

@: slightly resistant to hostile enchantments, extremely unstealthy
A: fangs 1, talons 2, life protection 1, electricity resistance, slow metabolism
1, unbreathing, petrification resistance, AC +5
a: Heroism, Renounce Religion


You were on level 5 of the Dungeon.
You worshipped Okawaru.
Okawaru was most pleased with you.
You were not hungry.

You visited 1 branch of the dungeon, and saw 5 of its levels.
You also visited: Sewer.

You collected 190 gold pieces.

Inventory:

Hand weapons
 a - a +0,+0 mace
 i - a +2,+0 war axe of draining
 t - a +2,+2 mace of holy wrath (weapon)
 y - a +1,+3 orcish flail
Missiles
 o - 44 poisoned needles
Armour
 b - a +0 scale mail (worn)
 c - a +0 shield (worn)
 f - a +1 pair of gloves (worn)
 w - a +0 cloak
 z - a +0 dwarven cloak (worn)
Magical devices
 n - a wand of polymorph (8)
 B - a wand of frost (9) {unknown}
Comestibles
 d - 2 bread rations
 l - 5 meat rations
 u - 2 pears
 A - a choko
Scrolls
 p - a scroll of amnesia
Jewellery
 j - a +2 ring of protection {unknown}
 C - an uncursed ring of magical power {unknown}
 D - a ring of sustenance (left hand)
Potions
 e - a potion of paralysis {unknown}
 g - a potion of invisibility {unknown}
 h - 2 potions of heal wounds
 k - a potion of slowing {unknown}
 m - a potion of magic {unknown}
 q - a potion of degeneration {unknown}
 r - a potion of might {unknown}
 s - a potion of brilliance {unknown}
 v - 2 potions of curing {unknown}
 x - a potion of agility {unknown}
 E - 3 potions of restore abilities {unknown}
 G - 3 potions of flight
 H - a potion of beneficial mutation {unknown}


   Skills:
 + Level 4.9 Fighting
 + Level 5.5 Maces & Flails
 + Level 5.9 Armour
 - Level 0.4 Dodging
 + Level 5.9 Shields


You had 7 spell levels left.
You didn't know any spells.

Dungeon Overview and Level Annotations

Branches:
Dungeon (5/27)             Temple (0/1) D:5

Altars:
Ashenzari
Elyvilon
Okawaru
Yredelemnul


Innate Abilities, Weirdness & Mutations

You are resistant to torment.
You are immune to poison.
Your stone body is very resilient (AC +5).
You have very sharp teeth.
You have razor-sharp toenails.
You resist negative energy.
You are resistant to electric shocks.
You have a slow metabolism.
You can survive without breathing.
You are immune to petrification.


Message History

You barely miss the hill giant. You claw the hill giant.
The hill giant is severely wounded.
You hit the hill giant but do no damage.
You claw the hill giant.
The hill giant is severely wounded.
The hill giant closely misses you.
You hit the hill giant. Your kick misses the hill giant.
The hill giant is severely wounded.
The hill giant closely misses you.
You hit the hill giant.
You claw the hill giant, but do no damage.
You bite the hill giant, but do no damage.
The hill giant is severely wounded.
You block the hill giant's attack.
You sock the hill giant! You claw the hill giant.
Your bite misses the hill giant.
The hill giant is almost dead.
The hill giant hits you with a giant spiked club!
Ouch! That really hurt!
You die...

..........................#######
..................).......# #
..........................# #
<..#########.############.#######
.#.# #.##########...#...... .#.#
#.....)....#####.####. ##.#
#.#.#.#.##..#..#.# #. ...#
#.######.# #....# #. ####
#.#.#@#.## ##.### #. ####C#.##
##..### #. #z#### #.....# #. ##.#
#####.# #. #%.# #.####. ##..
#...... #### #######


You could see a hill giant and a hound skeleton.

Vanquished Creatures
  A centaur (D:4)
  A crocodile (D:5)
  A big kobold (Sewer)
  An ogre (D:5)
  A giant frog (D:3)
  A crimson imp (D:5)
  A big fish (Sewer)
  A giant frog skeleton (D:4)
  2 worker ants
  A hound (D:5)
  2 orc wizards
  An ogre zombie (D:5)
  9 adders
  A worm zombie (D:5)
  A giant mite (D:4)
  2 worms
  2 grey rats
  5 giant geckos
  2 oozes
  8 orcs
  5 giant cockroaches
  12 hobgoblins
  8 jackals
  A ball python (D:5)
  4 bats
  5 giant newts
  12 goblins
  A jackal skeleton (D:5)
  13 kobolds
  2 quokkas (D:5)
  17 rats
  A butterfly (D:3)
125 creatures vanquished.

Notes
Turn   | Place    | Note
--------------------------------------------------------------
     0 | D:1      | Malachi, the Gargoyle Fighter, began the quest for the Orb.
     0 | D:1      | Reached XP level 1. HP: 14/14 MP: 0/0
   100 | D:1      | Reached XP level 2. HP: 13/19 MP: 1/1
   494 | D:1      | Found an iron altar of Okawaru.
   503 | D:1      | Became a worshipper of Warmaster Okawaru
   731 | D:1      | Reached XP level 3. HP: 24/24 MP: 2/2
  1204 | D:2      | Reached skill level 4 in Fighting
  1204 | D:2      | Reached XP level 4. HP: 20/29 MP: 3/3
  1479 | D:2      | Found a shattered altar of Ashenzari.
  1480 | D:2      | Found a basalt altar of Yredelemnul.
  1797 | D:3      | Reached XP level 5. HP: 33/33 MP: 4/4
  1813 | D:3      | Found a white marble altar of Elyvilon.
  1953 | D:3      | Noticed a giant frog
  1963 | D:3      | Killed a giant frog
  2752 | D:4      | Reached XP level 6. HP: 39/39 MP: 5/5
  2775 | D:4      | Noticed a centaur
  2784 | D:4      | Killed a centaur
  2799 | D:4      | Found a glowing drain.
  2832 | Sewer    | Entered a sewer
  2894 | Sewer    | Reached skill level 5 in Armour
  2918 | Sewer    | Acquired Okawaru's first power
  2918 | Sewer    | Reached skill level 5 in Shields
  2920 | Sewer    | Reached XP level 7. HP: 35/43 MP: 6/6
  2946 | Sewer    | Found a white marble altar of Elyvilon.
  3701 | D:5      | Entered Level 5 of the Dungeon
  3810 | D:5      | Reached skill level 5 in Maces & Flails
  4183 | D:5      | Found a staircase to the Ecumenical Temple.
  4520 | D:5      | Reached XP level 8. HP: 48/48 MP: 7/7
  4528 | D:5      | Noticed a hill giant
  4545 | D:5      | Slain by a hill giant

Action                   |  1- 3 |  4- 6 |  7- 9 || total
-------------------------+-------+-------+-------++-------
Melee: Mace              |    81 |   136 |   125 ||   342
Evoke: Wand              |       |       |     2 ||     2
  Use: Scroll            |       |     2 |     7 ||     9
       Potion            |       |       |     3 ||     3
